 Dungeon Crawl Stone Soup version 0.27-a0-343-gfcad680f63 (webtiles) character file.

Game seed: 5840368122698180908

39 jestyr24 the Vandal (level 3, 0/24 HPs)
             Began as a Halfling Hunter on Feb 15, 2021.
             Slain by Sigmund
             ... wielding a +1 scythe of venom
              (3 damage)
             ... on level 2 of the Dungeon.
             The game lasted 00:07:46 (1037 turns).

jestyr24 the Vandal (Halfling Hunter)               Turns: 1037, Time: 00:07:47

Health: 0/24       AC:  3    Str: 13    XL:     3   Next: 67%
Magic:  3/3        EV: 14    Int:  9    God:
Gold:   47         SH:  0    Dex: 15    Spells: 2/2 levels left

rFire    . . .     SeeInvis .   b - +0 short sword
rCold    . . .     Faith    .   (shield restricted)
rNeg     . . .     Spirit   .   c - +0 leather armour
rPois    .         Reflect  .   (no helmet)
rElec    .         Harm     .   (no cloak)
rCorr    .         Rampage  .   (no gloves)
Will     .....                  (no boots)
Stlth    ++........             (no amulet)
HPRegen  0.08/turn              (no ring)
MPRegen  0.08/turn              (no ring)

@: lethally poisoned (0 -> -15)
A: small, mutation resistance 1
a: no special abilities


You were on level 2 of the Dungeon.
You visited 1 branch of the dungeon, and saw 2 of its levels.

You collected 47 gold pieces.

Inventory:

Hand Weapons
 a - a +1 hunting sling
 b - a +0 short sword (weapon)
Armour
 c - a +0 leather armour (worn)
 j - a +0 kite shield
Scrolls
 e - 2 scrolls of random uselessness {unknown}
 f - 2 scrolls of teleportation {unknown}
Potions
 h - a potion of heal wounds
 i - a potion of might {unknown}
 k - a potion of flight {unknown}


   Skills:
 + Level 2.0 Fighting
 + Level 0.4 Short Blades
 + Level 6.8 Slings
 + Level 0.1 Armour
 + Level 2.3 Dodging
 * Level 1.8 Stealth


You had 2 spell levels left.
You didn't know any spells.
Your spell library was empty.

Dungeon Overview and Level Annotations

Branches:
Dungeon (2/15)

Altars:

Annotations:
D:2 Sigmund


Innate Abilities, Weirdness & Mutations

You are small and have problems with some larger weapons.
You are somewhat resistant to further mutation.


Message History

Press: ? - help, Q - select action Shift-Dir - straight line, f/p - Sigmund
Aim: Sigmund, wielding a +1 scythe of venom and wearing a +0 robe (severely wounded, 61% to hit)
You shoot a stone. The stone hits Sigmund.
Sigmund is severely wounded.
Sigmund hits you from afar with a +1 scythe of venom!
* * * LOW HITPOINT WARNING * * *
You are lethally poisoned!
It was a potion of heal wounds.
You feel much better.
You feel sick.
Fire: stone
Press: ? - help, Q - select action Shift-Dir - straight line, f/p - Sigmund
Aim: Sigmund, wielding a +1 scythe of venom and wearing a +0 robe (severely wounded, 61% to hit)
You shoot a stone. The stone misses the frilled lizard.
The stone hits Sigmund.
Sigmund is severely wounded.
You feel sick.
Sigmund hits you from afar with a +1 scythe of venom!
Ouch! That really hurt!
The frilled lizard bites you.
* * * LOW HITPOINT WARNING * * *
Unknown command.
Unknown command.
Unknown command.
Unknown command.
Unknown command.
Unknown command.
b - a +0 short sword (weapon)
* * * LOW HITPOINT WARNING * * *
You feel sick.
You hit the frilled lizard but do no damage.
The frilled lizard is heavily wounded.
* * * LOW HITPOINT WARNING * * *
You feel sick.
Sigmund casts a spell at himself.
Sigmund flickers and vanishes!
Deactivating autopickup; reactivate with Ctrl-A.
The frilled lizard bites you but does no damage.
You closely miss the frilled lizard.
The frilled lizard is heavily wounded.
* * * LOW HITPOINT WARNING * * *
You feel sick. Something hits you.
You die...

....)..........##.#
...####.....#..##.#
...# #......#...#.#
...# #.......(....#
......<..#####..###
..######## #..(#
... ##..### # ..##
##.####(...##.# #..
........@.....#
#.######l..####
#{..#..
#..(#.##.###
#...#<.....#
#.........##
#(..!.#@..#
#.#...#.(.# #(#..(.
.(#


You could see a frilled lizard.

Vanquished Creatures
  3 dart slugs
  3 leopard geckos
  2 ball pythons (D:2)
  3 goblins
  5 hobgoblins
  A quokka (D:2)
  4 bats
  A frilled lizard (D:2)
  4 kobolds
  A rat (D:2)
27 creatures vanquished.

Notes
Turn   | Place    | Note
-------+----------+-------------------------------------------
     0 | D:1      | jestyr24 the Halfling Hunter began the quest for the Orb.
     0 | D:1      | Reached XP level 1. HP: 14/14 MP: 1/1
    23 | D:1      | Reached skill level 6 in Slings
   102 | D:1      | Reached XP level 2. HP: 19/19 MP: 2/2
   515 | D:2      | Noticed Sigmund
   765 | D:2      | Reached XP level 3. HP: 23/24 MP: 3/3
  1037 | D:2      | Slain by Sigmund

Illustrated notes

Levels and vault maps discovered:
D:1:      amcnicky_arrival_wind_blow, layout_rooms,
          chequers_serial_rivers_micro_d, minmay_misc_feat_more_columns,
          minmay_misc_feat_diagonals, roderic_roman_lattice
D:2:      layout_basic, uniq_sigmund

Skill      XL: |  1  2 |
---------------+-------+-----
Slings         | 6 |  6.8
Fighting       | 2 |  2.0
Short Blades   | |  0.4
Armour         | |  0.1
Dodging        | |  2.3
Stealth        | |  1.8

Action                   || total
-------------------------++-------
Melee: Short sword       ||    31
 Fire: Hunting sling     ||    61
  Use: Potion            ||     1
Armor: Leather armour    ||    24
Dodge: Dodged            ||    52

Table legend: (Time is in decaauts)
 A = Elapsed time spent in this place.
 B = Non-inter-level travel time spent in this place.
 C = Inter-level travel time spent in this place.
 D = Time resting spent in this place.
 E = Time spent auto-exploring this place.
 F = Levels seen in this place.
 G = Mean time per level.
                   A        B        C        D        E       F      G
               +--------+--------+--------+--------+--------+-----+--------+
         Total |   1030 |    969 |     61 |    115 |    320 |   2 |  515.0 |
       Dungeon |   1030 |    969 |     61 |    115 |    320 |   2 |  515.0 |
               +--------+--------+--------+--------+--------+-----+--------+

Top non-repeatable levels by time:
     D:1: 671 daAuts
     D:2: 359 daAuts
